cohdb
Replays
Latest Replays
All Replays
Popular Replays
Top Player Replays
Match Explorer
How It Works
Community
CoH3 Stats
Reddit
Sign in to upload your games and track your stats! →
Sign in with Steam
Match 39213568
Unlisted
Match 39213568
Overview
Messages
Build Orders
End
Construct Infanterie Kompanie
Kettenkrad Recon Vehicle
Grenadier Squad
MG 42 Machine Gun Team
Construct Luftwaffe Kompanie
Jäger Squad
Flak 30 Anti-aircraft Gun Team
Luftwaffe Officer Quarters
Jäger Squad
Support Elements
Construct Panzer Kompanie
Selects Breakthrough Battlegroup
Selects Rapid Production
Selects Blitzkrieg
insane
ShiningRay
Yisus
Marijuana
le12ro-Olivier
Mondo
KongKongMST
Gollum
0
0
Comments
sign in to comment!
No comments posted yet!